 Dungeon Crawl Stone Soup version 0.24.0-10-g970556be89 (webtiles) character file.

Game seed: 17712156918102359926, levelgen mode: deterministic

926 Delamore the Cleaver (level 8, -1/67 HPs)
             Began as a Hill Orc Monk on Nov 4, 2019.
             Was a Priest of Beogh.
             Slain by a slave (3 damage)
             ... led by Pikel
             ... on level 5 of the Dungeon.
             The game lasted 00:10:28 (5231 turns).

Delamore the Cleaver (Hill Orc Monk)                Turns: 5231, Time: 00:10:28

Health: -1/67      AC: 11    Str: 16    XL:     8   Next: 10%
Magic:  8/8        EV:  9    Int: 10    God:    Beogh [***...]
Gold:   213        SH:  0    Dex: 13    Spells: 7/7 levels left

rFire    x . .     SeeInvis .   a - +0 hand axe
rCold    + + .     Gourm    .   (no shield)
rNeg     . . .     Faith    .   u - +0 ice dragon scales
rPois    +         Spirit   .   (no helmet)
rElec    .         Reflect  .   f - +0 cloak
rCorr    .         Harm     .   (no gloves)
MR       .....                  (no boots)
Stlth    ..........             (no amulet)
HPRegen  0.21/turn              o - ring of poison resistance
MPRegen  0.11/turn              (no ring)

@: heavily drained
A: no striking features
a: Smiting, Renounce Religion


You were on level 5 of the Dungeon.
You worshipped Beogh.
Beogh was most pleased with you.
You were hungry.

You visited 1 branch of the dungeon, and saw 6 of its levels.

You collected 213 gold pieces.

Inventory:

Hand Weapons
 a - a +0 hand axe (weapon)
Missiles
 v - 25 poisoned darts (quivered)
Armour
 f - a +0 cloak (worn)
 u - +0 ice dragon scales (worn)
Jewellery
 o - a ring of poison resistance (left hand)
Scrolls
 d - a scroll of immolation {unknown}
 e - a scroll of enchant weapon {unknown}
 h - 4 scrolls of remove curse {unknown}
 i - 2 scrolls of blinking {unknown}
 j - a scroll of enchant armour {unknown}
 k - 3 scrolls of identify {unknown}
 p - a scroll of random uselessness {unknown}
 r - 2 scrolls of teleportation {unknown}
 s - a scroll of fear {unknown}
Potions
 b - a potion of flight {unknown}
 g - a potion of mutation {unknown}
 m - a potion of haste {unknown}
 n - 2 potions of curing
 q - a potion of lignification {unknown}
 t - a potion of resistance {unknown}
 x - 2 potions of cancellation {unknown}
Comestibles
 c - 9 rations


   Skills:
 - Level 4.4(2.8) Fighting
 * Level 9.6(7.7) Axes
 + Level 1.1(0.0) Throwing
 * Level 5.4(3.8) Armour
 - Level 2.6(1.1) Dodging
 - Level 1.6(0.2) Stealth


You had 7 spell levels left.
You didn't know any spells.
Your spell library was empty.

Dungeon Overview and Level Annotations

Branches:
Dungeon (6/15)
 Temple: D:4-7

Altars:
Elyvilon
Nemelex Xobeh
Trog
Yredelemnul

Annotations:
D:6 Pikel


Message History

You hit the scorpion.
The scorpion is lightly wounded.
You completely miss the slave.
The scorpion stings you but does no damage.
The slave hits you but does no damage.
You closely miss the scorpion.
The scorpion is lightly wounded.
You hit the slave.
The scorpion stings you but does no damage.
The slave barely misses you.
You hit the scorpion.
The scorpion is lightly wounded.
You closely miss the slave. The scorpion closely misses you.
The slave hits you but does no damage.
You hit the scorpion.
The scorpion is heavily wounded.
You hit the slave but do no damage. The scorpion stings you.
* * * LOW HITPOINT WARNING * * *
The slave hits you.
You die...

#.......# #....#
#.......# ##....#
#...<...# ###..#.#####
####.##.#####...##.....#
#..##................#
#.####...##..........#
###.###................#
..................#....#
###.##..<......p@s######
....##............#
###..............## #
#..#.#...##....# #
#..#.#########.# #
#.##.........#.#
###.###........#.# ....#
#........#.# ###.#
#........#.#


You could see a slave and a scorpion.

Vanquished Creatures
  A phantom (D:5)
  2 ogres (D:5)
  2 wights (D:6)
  2 howler monkeys (D:5)
  3 hounds (D:5)
  A jelly (D:5)
  An orc priest (D:4)
  2 orc wizards (D:5)
  5 worker ants
  A hound zombie (D:5)
  2 hound skeletons (D:4)
  A gnoll (D:1)
  6 adders
  A shadow imp (D:5)
  3 worms
  2 dart slugs
  5 leopard geckos
  8 orcs
  2 giant cockroaches
  5 goblins
  5 hobgoblins
  2 jackals
  9 kobolds
  A ball python (D:2)
  3 bats (D:2)
  3 frilled lizards
  A quokka skeleton (D:4)
  A quokka zombie (D:5)
  10 rats
90 creatures vanquished.

Vanquished Creatures (collateral kills)
  An orc (D:5)
1 creature vanquished.

Vanquished Creatures (others)
  An orc wizard (D:3)
  4 orcs
5 creatures vanquished.

Grand Total: 96 creatures vanquished

Notes
Turn   | Place    | Note
-------+----------+-------------------------------------------
     0 | D:1      | Delamore the Hill Orc Monk began the quest for the Orb.
     0 | D:1      | Reached XP level 1. HP: 19/19 MP: 1/1
   104 | D:1      | Reached XP level 2. HP: 27/27 MP: 2/2
   608 | D:1      | Reached XP level 3. HP: 3/33 MP: 3/3
  1451 | D:2      | Reached skill level 1 in Armour
  1882 | D:2      | Found a basalt altar of Yredelemnul.
  1970 | D:2      | Reached skill level 5 in Axes
  1970 | D:2      | Reached XP level 4. HP: 35/41 MP: 4/4
  2309 | D:3      | Found a white marble altar of Elyvilon.
  2311 | D:3      | Found a bloodstained altar of Trog.
  2519 | D:3      | Found a sparkling altar of Nemelex Xobeh.
  2541 | D:3      | Became a worshipper of Beogh the Brigand
  2541 | D:3      | Reached * piety under Beogh
  2541 | D:3      | Reached ** piety under Beogh
  2720 | D:3      | Reached XP level 5. HP: 42/47 MP: 5/5
  3229 | D:4      | Reached skill level 6 in Axes
  3891 | D:5      | Entered Level 5 of the Dungeon
  3898 | D:5      | Reached XP level 6. HP: 46/53 MP: 6/6
  4121 | D:5      | Reached skill level 7 in Axes
  4225 | D:5      | Noticed a phantom
  4292 | D:5      | Killed a phantom
  4292 | D:5      | Reached XP level 7. HP: 45/60 MP: 7/7
  4397 | D:5      | Reached skill level 8 in Axes
  4554 | D:5      | Reached *** piety under Beogh
  4594 | D:5      | Reached skill level 5 in Armour
  4771 | D:5      | Reached skill level 9 in Axes
  5105 | D:6      | Reached skill level 1 in Throwing
  5105 | D:6      | Reached XP level 8. HP: 61/67 MP: 8/8
  5142 | D:6      | HP: 1/67 [wight/cursed +3 trident (11)]
  5213 | D:6      | Noticed Pikel
  5224 | D:6      | HP: 1/67 [centaur/cursed -2 flail (6)]
  5231 | D:5      | HP: 2/67 [scorpion (1)]
  5231 | D:5      | Slain by a slave

Levels and vault maps discovered:
D:1:      kennysheep_arrival_forest, layout_loops_corners, dk_noncrumbling_3
D:2:      layout_basic, marbit_many_paths, first_ration, amethyst_killhole
D:3:      layout_basic, nicolae_overflow_hidden_temple
D:4:      layout_loops_cross
D:5:      layout_rooms
D:6:      layout_basic, serial_shops, shop, uniq_pikel, uniq_crazy_yiuf_cottage

Skill      XL: |  1  2  3  4  5  6  7 |
---------------+----------------------+-----
Fighting       | 4 |  4.4
Armour         | 1 2 3 4 5 |  5.4
Axes           | 5 6 7 9 |  9.6
Throwing       | 1 |  1.1
Dodging        | |  2.6
Stealth        | |  1.6

Action                   |  1- 3 |  4- 6 |  7- 9 || total
-------------------------+-------+-------+-------++-------
Melee: Hand axe          |   129 |   285 |   113 ||   527
Throw: Dart              |       |     7 |    15 ||    22
Invok: Convert to Beogh  |       |     1 |       ||     1
  Use: Potion            |       |       |     3 ||     3
 Stab: Sleeping          |     2 |       |       ||     2
  Eat: Chunk             |     1 |     7 |     2 ||    10
       Ration            |     1 |       |       ||     1
Armor: Robe              |     5 |       |       ||     5
       Plate armour      |    61 |    75 |       ||   136
       Ice dragon scales |       |   130 |    79 ||   209
Dodge: Dodged            |    44 |   106 |    69 ||   219
